 Dungeon Crawl Stone Soup version 0.31-a0-1616-gbeaec30b81 (console) character file.

Game seed: 2828425712110469494

211 jejorda2 the Slasher (level 5, 0/63 HPs)
             Began as a Vampire Berserker on Jan 10, 2024.
             Was a Believer of Trog.
             Slain by a wight
             ... wielding a +4 great sword of freezing
              (1 damage)
             ... on level 4 of the Dungeon.
             The game lasted 00:05:12 (2529 turns).

jejorda2 the Slasher (Vampire Berserker)            Turns: 2529, Time: 00:05:12

Health: 0/63       AC:  6    Str: 16    XL:     5   Next: 57%
Magic:  5/5        EV: 13    Int:  9    God:    Trog [**....]
Gold:   198        SH:  0    Dex: 16    Spells: 4/4 levels left

rFire   . . .        a - +0 long sword
rCold   . . .        (no shield)
rNeg    . . .        g - +0 leather armour
rPois   .            (no helmet)
rElec   .            r - +0 cloak
rCorr   .            (no gloves)
SInv    +            l - +1 pair of boots
Will    .....        n - amulet of the acrobat Stlth
                     (no ring)
HPRegen 0.50/turn    (no ring)
MPRegen 0.09/turn

%: acrobat
@: berserking (expiring), healing quickly, very quick
A: alive, fangs 3, see invisible, vampiric 2
a: Exsanguinate, Renounce Religion, Berserk, Trog's Hand


You were on level 4 of the Dungeon.
You worshipped Trog.
Trog was pleased with you.
You visited 1 branch of the dungeon, and saw 4 of its levels.

You collected 198 gold pieces.

Inventory:

Hand Weapons
 a - a +0 long sword (weapon)
 e - a +0 dagger
Missiles
 b - 3 boomerangs (quivered)
 q - 3 poisoned darts
Armour
 g - a +0 leather armour (worn)
 l - a +1 pair of boots (worn)
 r - a +0 cloak (worn)
Jewellery
 n - an amulet of the acrobat (around neck)
Scrolls
 d - a scroll of noise {unknown}
 h - 2 scrolls of teleportation {unknown}
 i - a scroll of vulnerability {unknown}
 j - a scroll of silence {unknown}
 m - a scroll of identify {unknown}
 o - a scroll of enchant armour {unknown}
Potions
 c - 2 potions of haste {unknown}
 f - 3 potions of heal wounds {unknown}
 k - a potion of attraction {unknown}
 p - 3 potions of curing {unknown}


   Skills:
 + Level 3.6 Fighting
 + Level 4.1 Long Blades
 + Level 2.8 Armour
 + Level 3.6 Dodging


You had 4 spell levels left.
You didn't know any spells.
Your spell library was empty.

Dungeon Overview and Level Annotations

Branches:
Dungeon (4/15)
 Temple: D:4-7

Altars:
Uskayaw

Annotations:
D:3 2 transporters, Sundig's ghost, amateur MiFi


Innate Abilities, Weirdness & Mutations

Your natural rate of healing is accelerated.
You have razor-sharp teeth.
You have supernaturally acute eyesight. (SInv)
You are afflicted with vampirism and can become a bat while bloodless.


Message History

You kill the kobold!
Trog accepts your kill.
A red film seems to cover your vision as you go berserk!
You feel yourself moving faster!
You feel mighty! The wight closely misses you.
You closely miss the wight. Your bite misses the wight.
A wight comes into view. It is wielding a +0 morningstar.
The wight hits you with a +5 battleaxe!
You closely miss the wight.
The wight hits you with a +5 battleaxe!!
You hit the wight but do no damage. The wight closely misses you.
You hit the wight.
The wight is lightly damaged.
You closely miss the wight.
The wight is lightly damaged.
The wight closely misses you.
You closely miss the wight. Your bite misses the wight.
The wight is lightly damaged.
The wight hits you with a +5 battleaxe.
You hit the wight.
The wight is heavily damaged.
The wight hits you with a +5 battleaxe!
* * * LOW HITPOINT WARNING * * *
You feel drained.
* * * LOW HITPOINT WARNING * * *
You closely miss the wight.
The wight is heavily damaged.
You hit the wight but do no damage.
The wight is heavily damaged.
The wight hits you but does no damage.
You slash the wight!
You destroy the wight!
Trog accepts your kill.
Your life force feels restored.
Your Long Blades skill increases to level 4!
You hit the wight.
The wight is lightly damaged.
The wight hits you with a +4 great sword of freezing.
* * * LOW HITPOINT WARNING * * *
The wight freezes you.
You die...

#....# ###...+
#.....#
######....####
+...†<.......# .
#####.....##.# ...
.....######'###....
##########.)....z..#
#.....@zz...........
#.########.......#..
#.......# #.......#
###.##### ... ....
.....


You could see 2 wights.

Vanquished Creatures
  A wight (D:4)
  A bombardier beetle (D:3)
  A gnoll (D:1)
  5 adders
  4 ribbon worms
  3 dart slugs
  2 orcs
  5 ball pythons
  3 bats
  An endoplasm (D:2)
  3 giant cockroaches
  4 goblins
  7 hobgoblins
  A quokka (D:1)
  4 frilled lizards
  5 kobolds
  11 rats
61 creatures vanquished.

Notes
Turn   | Place    | Note
-------+----------+-------------------------------------------
     0 | D:1      | jejorda2 the Vampire Berserker began the quest for the Orb.
     0 | D:1      | Reached XP level 1. HP: 17/17 MP: 1/1
    39 | D:1      | Reached XP level 2. HP: 23/23 MP: 2/2
   303 | D:1      | Found a faded altar of an unknown god.
   461 | D:1      | Gained mutation: You are afflicted with vampirism and can
                  | become a bat while bloodless. [Vampire growth]
   461 | D:1      | Reached XP level 3. HP: 29/29 MP: 3/3
   541 | D:1      | Reached ** piety under Trog
  1139 | D:2      | Reached XP level 4. HP: 35/35 MP: 4/4
  1882 | D:3      | Reached XP level 5. HP: 41/41 MP: 5/5
  2174 | D:3      | Found a transporter.
  2175 | D:3      | Noticed Sundig's ghost (amateur MiFi)
  2186 | D:3      | Found a transporter.
  2186 | D:3      | Identified the +4 dire flail of the Inferno {venom, *Noise
                  | rPois MP+9 Int-2}
  2186 | D:3      | Noticed an ogre
  2188 | D:3      | Noticed an ogre
  2289 | D:3      | Found a hide-covered altar of Uskayaw.
  2525 | D:4      | HP: 1/58 [wight/+5 battleaxe (5)]
  2529 | D:4      | Reached skill level 4 in Long Blades
  2529 | D:4      | Slain by a wight

Illustrated notes

Levels and vault maps discovered:
D:1:      mrwooster_arrival_arrow, layout_basic, ebering_ecumenical_altar_hall,
          corexii_item_surrounded_by_moat, chequers_serial_rivers_room_a,
          minmay_rat_gold_closets
D:2:      minmay_alternating_diamond, layout_loops_corners
D:3:      layout_loops_cross, mainiacjoe_overflow_brackets,
          gammafunk_ghost_smash
D:4:      layout_basic, minmay_temple_entry_mist, gammafunk_ghost_necromancy

Skill      XL: |  1  2  3  4  5 |
---------------+----------------+-----
Fighting       | 3 |  3.6
Armour         | 2 |  2.8
Dodging        | 3 |  3.6
Long Blades    | 4 |  4.1

Action                     |  1- 3 |  4- 6 || total
---------------------------+-------+-------++-------
  Melee: Falchion          |     9 |       ||     9
         Long sword        |   108 |   100 ||   208
         Bite              |    10 |     6 ||    16
         Punch             |     1 |       ||     1
 Invoke: Berserk           |       |     1 ||     1
   Stab: Sleeping          |     5 |     3 ||     8
 Armour: Leather armour    |    63 |    62 ||   125
         Animal skin       |    10 |       ||    10
  Dodge: Dodged            |    76 |    57 ||   133

Table legend: (Time is in decaauts)
 A = Elapsed time spent in this place.
 B = Non-inter-level travel time spent in this place.
 C = Inter-level travel time spent in this place.
 D = Time resting spent in this place.
 E = Time spent auto-exploring this place.
 F = Levels seen in this place.
 G = Mean time per level.
                   A        B        C        D        E       F      G
               +--------+--------+--------+--------+--------+-----+--------+
         Total |   2571 |   2506 |     65 |      0 |   1890 |   4 |  642.8 |
       Dungeon |   2571 |   2506 |     65 |      0 |   1890 |   4 |  642.8 |
               +--------+--------+--------+--------+--------+-----+--------+

Top non-repeatable levels by time:
     D:2: 1079 daAuts
     D:3: 726 daAuts
     D:1: 714 daAuts
     D:4: 51 daAuts
